 Dungeon Crawl Stone Soup version 0.27.0-1-g7a089689b8 (webtiles) character file.

Game seed: 14382914937000827476

6 Spectrina the Ducker (level 1, -1/13 HPs)
             Began as a Deep Elf Monk on Aug 12, 2021.
             Slain by a jackal (3 damage)
             ... on level 3 of the Dungeon.
             The game lasted 00:03:47 (345 turns).

Spectrina the Ducker (Deep Elf Monk)                 Turns: 345, Time: 00:03:47

Health: -1/13      AC:  2    Str:  6 (8)  XL:     1   Next: 75%
Magic:  3/3        EV: 13    Int: 12 (14) God:
Gold:   83         SH:  0    Dex: 15 (17) Spells: 0/0 levels left

rFire    . . .     SeeInvis .   a - +0 short sword
rCold    . . .     Faith    .   (no shield)
rNeg     . . .     Spirit   .   b - +0 robe
rPois    .         Reflect  .   (no helmet)
rElec    .         Harm     .   (no cloak)
rCorr    .         Rampage  .   (no gloves)
Will     .....                  (no boots)
Stlth    ++........             (no amulet)
HPRegen  0.04/turn              (no ring)
MPRegen  0.08/turn              (no ring)

@: attractive
A: no striking features
a: no special abilities


You were on level 3 of the Dungeon.
You visited 1 branch of the dungeon, and saw 4 of its levels.

You collected 83 gold pieces.

Inventory:

Hand Weapons
 a - a +0 short sword (weapon)
Missiles
 c - 19 stones (quivered)
Armour
 b - a +0 robe (worn)
Scrolls
 g - a scroll of identify {unknown}


   Skills:
 - Level 2.4 Fighting
 - Level 3.0 Short Blades
 - Level 3.6 Dodging
 + Level 3.3 Stealth


You couldn't memorise any spells.
You didn't know any spells.
Your spell library was empty.

Dungeon Overview and Level Annotations

Branches:
Dungeon (4/15)
 Temple: D:4-7

Altars:

Annotations:
D:4 Grinder


Message History

The jackal closely misses you. The jackal barely misses you.
You closely miss the jackal.
The jackal is severely wounded.
The jackal barely misses you.
You barely miss the jackal.
The jackal is severely wounded.
The jackal barely misses you.
Unknown command.
You closely miss the jackal.
The jackal is severely wounded.
The jackal barely misses you. The jackal misses you.
You closely miss the jackal.
The jackal is severely wounded.
The jackal barely misses you.
You closely miss the jackal.
The jackal is severely wounded.
The jackal bites you.
You closely miss the jackal.
The jackal is severely wounded.
The jackal barks!
The jackal bites you.
You barely miss the jackal.
The jackal is severely wounded.
The jackal bites you. x2
You closely miss the jackal.
The jackal is severely wounded.
The jackal completely misses you.
It was a potion of attraction.
You feel attractive to monsters. The jackal bites you.
* * * LOW HITPOINT WARNING * * *
It was a potion of degeneration.
There was something very wrong with that liquid.
You feel weakened.
You feel dopey.
You feel clumsy.
The jackal bites you but does no damage.
The jackal barely misses you.
It was a potion of cancellation.
Your magical effects are unravelling.
You feel magically purged. The jackal bites you.
You die...

## ..# ### #.###### ...
#.. ..# #.###.# #.# #
.....# ##.## ##.
#.#.###...###
#...##.......#...#
#hh@...###.....#
#...##....###....#### .
##. ####.#.........##
.##.. ####.#...........
..... ..............##
###.>#####...##....#####
.####...............#####
.........................
#####.....h...###.......


You could see 2 jackals.

Vanquished Creatures
  A hobgoblin (D:2)
  A jackal (D:3)
  2 ball pythons (D:3)
  A frilled lizard (D:2)
  A rat (D:1)
6 creatures vanquished.

Notes
Turn   | Place    | Note
-------+----------+-------------------------------------------
     0 | D:1      | Spectrina the Deep Elf Monk began the quest for the Orb.
     0 | D:1      | Reached XP level 1. HP: 13/13 MP: 3/3
   247 | D:4      | Noticed Grinder
   345 | D:3      | Slain by a jackal

Illustrated notes

Levels and vault maps discovered:
D:1:      shiori_arrival_elements, layout_loops_ring
D:2:      layout_loops_ring, shapermc_ecumenical_altar_venn, minmay_3d_cube
D:3:      layout_loops_ring, gammafunk_ghost_smash
D:4:      layout_rooms, mainiacjoe_overflow_24_doors,
          nicolae_shop_sticking_my_neck_out, uniq_grinder, uniq_ijyb,
          uniq_natasha

Skill      XL: |  1 |
---------------+----+-----
Stealth        | 3 |  3.3
Fighting       | |  2.4
Short Blades   | |  3.0
Dodging        | |  3.6

Action                   || total
-------------------------++-------
Melee: Short sword       ||    32
  Use: Potion            ||     3
 Stab: Sleeping          ||     1
Armor: Robe              ||     6
Dodge: Dodged            ||    27
